 Dungeon Sprint DCSS version 0.30-a0-358-g0d69a1922f (webtiles) character file.

Game seed: 1433901018043197379

2023 Pestilence the Blocker (level 9, -1/78 HPs)
             Began as a Gnoll Fighter on Nov 10, 2022.
             Was a Priest of Makhleb.
             Slain by a boulder beetle (13 damage)
             ... in the Dungeon (Sprint IX: "|||||||||||||||||||||||||||||").
             The game lasted 00:03:10 (624 turns).

Pestilence the Blocker (Gnoll Fighter)               Turns: 624, Time: 00:03:11

Health: -1/78      AC: 14    Str: 19    XL:     9   Next: 23%
Magic:  20/20      EV: 14    Int:  9    God:    Makhleb [***...]
Gold:   0          SH:  6    Dex: 11    Spells: 23/23 levels left

rFire   . . .      SeeInvis .    n - +2 rapier (vamp)
rCold   . . .      Faith    .    c - +0 buckler
rNeg    . . .      Spirit   .    p - +1 scale mail
rPois   .          Reflect  .    a - +0 helmet
rElec   .          Harm     .    (no cloak)
rCorr   .          Rampage  .    o - +0 pair of gloves
Will    .....      NoTele   +    (no boots)
Stlth   ++........               (no amulet)
HPRegen 0.33/turn                q - +2 ring of evasion
MPRegen 0.17/turn                r - +2 ring of protection

@: hasted, very quick
A: fangs 1, strong nose, distributed training
a: Renounce Religion, Minor Destruction, Lesser Servant of Makhleb


You were in the Dungeon.
You worshipped Makhleb.
Makhleb was most pleased with you.
You visited 1 branch

Inventory:

Hand Weapons
 m - the +2 scimitar of Ufotzo {vorpal, *Noise Will+++ Str+7 Dex-4}
   (You found it in the Dungeon)

   It inflicts extra damage upon your enemies.
   Str:       It affects your strength (+7).
   Dex:       It affects your dexterity (-4).
   *Noise:    It may make noises in combat.
   Will:      It greatly increases your willpower.
 n - a +2 vampiric rapier (weapon)
Armour
 a - a +0 helmet (worn)
 c - a +0 buckler (worn)
 o - a +0 pair of gloves (worn)
 p - a +1 scale mail (worn)
Jewellery
 q - a +2 ring of evasion (left hand)
 r - a +2 ring of protection (right hand)
Scrolls
 j - 2 scrolls of blinking
 k - 2 scrolls of amnesia
Potions
 e - 5 potions of curing
 f - a potion of invisibility
 h - 4 potions of magic


   Skills:
 + Level 10.1 Fighting
 + Level 7.7 Short Blades
 + Level 9.0 Long Blades
 + Level 7.7 Axes
 + Level 7.7 Maces & Flails
 + Level 7.7 Polearms
 + Level 7.7 Staves
 + Level 7.7 Ranged Weapons
 + Level 7.7 Throwing
 + Level 10.1 Armour
 + Level 7.7 Dodging
 + Level 7.7 Stealth
 + Level 10.1 Shields
 + Level 7.7 Unarmed Combat
 + Level 7.7 Spellcasting
 + Level 6.4 Conjurations
 + Level 6.4 Hexes
 + Level 6.4 Summonings
 + Level 6.4 Necromancy
 + Level 6.4 Translocations
 + Level 6.4 Transmutations
 + Level 6.4 Fire Magic
 + Level 6.4 Ice Magic
 + Level 6.4 Air Magic
 + Level 6.4 Earth Magic
 + Level 6.4 Poison Magic
 + Level 8.4 Invocations
 + Level 7.7 Evocations


You had 23 spell levels left.
You didn't know any spells.
Your spell library was empty.

Dungeon Overview and Level Annotations

Branches:
Dungeon (1/1)

Altars:
Cheibriados
Dithmenos
Elyvilon
Fedhas
Gozag
Hepliaklqana
Kikubaaqudgha
Makhleb
Nemelex Xobeh
Okawaru
Qazlal
Ru
Sif Muna
Trog
Uskayaw
Vehumet
Wu Jian
Xom
Yredelemnul
Zin
The Shining One
Jiyva
Lugonu


Innate Abilities, Weirdness & Mutations

You have very sharp teeth.
Your uncanny sense of smell can sniff out nearby items.
Your experience applies equally to all skills.


Message History

The boulder beetle is moderately wounded.
The boulder beetle closely misses you.
You hit the boulder beetle but do no damage.
The boulder beetle is moderately wounded.
The boulder beetle bites you but does no damage.
Aiming: Fastroot
Press: ? - help, Shift-Dir - straight line, f/p - boulder beetle
Aim: a boulder beetle (moderately wounded)
The roots erupt in riotous growth!
Roots grab the boulder beetle.
The now-empty wand crumbles to dust.
The grasping roots constrict the boulder beetle!
The boulder beetle bites you!
You hit the boulder beetle but do no damage.
The boulder beetle is moderately wounded.
The grasping roots constrict the boulder beetle!
The boulder beetle bites you.
You hit the boulder beetle but do no damage.
The boulder beetle is heavily wounded.
The grasping roots constrict the boulder beetle!
The roots release their grip on the boulder beetle.
You block the boulder beetle's attack.
You hit the boulder beetle but do no damage.
The boulder beetle is heavily wounded.
You hit the boulder beetle but do no damage.
You bite the boulder beetle.
The boulder beetle is severely wounded.
The boulder beetle bites you.
You hit the boulder beetle but do no damage.
The boulder beetle is heavily wounded.
The boulder beetle bites you.
You hit the boulder beetle but do no damage.
The boulder beetle is heavily wounded.
The boulder beetle misses you.
You hit the boulder beetle.
You feel better.
The boulder beetle is severely wounded.
The boulder beetle bites you!!
* * * LOW HITPOINT WARNING * * *
You feel yourself speed up. The boulder beetle bites you!
You die...

▓[▓
∆
▓.▓
∆
▓[▓
∆
▓)▓
∆
▓.▓
▓.▓
∆
▓.▓
▓.▓
∆
▓@▓
∆
▓B▓
∆
▓(▓
∆
▓)▓
▓.▓
▓.▓
▓.▓
▓.▓
▓+▓


You could see a boulder beetle.

Vanquished Creatures
  A manticore (D)
  A cyclops (D)
  A troll (D)
  A slime creature (D)
  A yak (D)
  2 acid dragons (D)
  A water moccasin (D)
  An ice beast (D)
  A centaur (D)
  A phantom (D)
  A howler monkey (D)
  A hound (D)
  An orc wizard (D)
  A gnoll (D)
  2 bats (D)
  2 ball pythons (D)
  A kobold (D)
20 creatures vanquished.

Vanquished Creatures (others)
  A vampire (D)
1 creature vanquished.

Grand Total: 21 creatures vanquished

Notes
Turn   | Place    | Note
-------+----------+-------------------------------------------
     0 | D        | Pestilence the Gnoll Fighter began the quest for the Orb.
     0 | D        | Reached XP level 1. HP: 23/23 MP: 1/1
    23 | D        | Reached skill level 1 in Invocations
    34 | D        | Noticed a water moccasin
    34 | D        | Noticed a hound
    34 | D        | Noticed a phantom
    34 | D        | Noticed an ice beast
    42 | D        | Reached skill level 1 in Short Blades
    42 | D        | Reached skill level 1 in Axes
    42 | D        | Reached skill level 1 in Maces & Flails
    42 | D        | Reached skill level 1 in Polearms
    42 | D        | Reached skill level 1 in Staves
    42 | D        | Reached skill level 1 in Ranged Weapons
    42 | D        | Reached skill level 1 in Throwing
    42 | D        | Reached skill level 1 in Dodging
    42 | D        | Reached skill level 1 in Stealth
    42 | D        | Reached skill level 1 in Unarmed Combat
    42 | D        | Reached skill level 1 in Spellcasting
    42 | D        | Reached skill level 1 in Conjurations
    42 | D        | Reached skill level 1 in Hexes
    42 | D        | Reached skill level 1 in Summonings
    42 | D        | Reached skill level 1 in Necromancy
    42 | D        | Reached skill level 1 in Translocations
    42 | D        | Reached skill level 1 in Transmutations
    42 | D        | Reached skill level 1 in Fire Magic
    42 | D        | Reached skill level 1 in Ice Magic
    42 | D        | Reached skill level 1 in Air Magic
    42 | D        | Reached skill level 1 in Earth Magic
    42 | D        | Reached skill level 1 in Poison Magic
    42 | D        | Reached skill level 1 in Evocations
    42 | D        | Reached XP level 2. HP: 29/29 MP: 4/4
    45 | D        | Killed a water moccasin
    46 | D        | Reached skill level 5 in Long Blades
    46 | D        | Reached XP level 3. HP: 36/36 MP: 4/7
    46 | D        | Reached XP level 4. HP: 43/43 MP: 4/8
    46 | D        | Reached XP level 5. HP: 48/48 MP: 4/9
    58 | D        | Killed a phantom
    73 | D        | Killed an ice beast
    74 | D        | Reached skill level 5 in Invocations
    74 | D        | Reached XP level 6. HP: 33/56 MP: 8/13
    86 | D        | Found a snail-covered altar of Cheibriados.
    86 | D        | Found a shadowy altar of Dithmenos.
    86 | D        | Found a white marble altar of Elyvilon.
    86 | D        | Found a blossoming altar of Fedhas.
    86 | D        | Found an opulent altar of Gozag.
    87 | D        | Found a hazy altar of Hepliaklqana.
    88 | D        | Found a viscous altar of Jiyva.
    89 | D        | Found an ancient bone altar of Kikubaaqudgha.
    90 | D        | Found a corrupted altar of Lugonu.
    91 | D        | Found a burning altar of Makhleb.
    92 | D        | Found a sparkling altar of Nemelex Xobeh.
    93 | D        | Found an iron altar of Okawaru.
    94 | D        | Found a stormy altar of Qazlal.
    95 | D        | Found a sacrificial altar of Ru.
    96 | D        | Found a shimmering blue altar of Sif Muna.
    97 | D        | Found a bloodstained altar of Trog.
    98 | D        | Found a hide-covered altar of Uskayaw.
    99 | D        | Became a worshipper of Makhleb the Destroyer
   100 | D        | Found a radiant altar of Vehumet.
   101 | D        | Found an ornate altar of the Wu Jian Council.
   102 | D        | Found a shimmering altar of Xom.
   105 | D        | Found a basalt altar of Yredelemnul.
   106 | D        | Found a glowing silver altar of Zin.
   107 | D        | Found a glowing golden altar of the Shining One.
   166 | D        | Got the +2 scimitar of Ufotzo {vorpal, *Noise Will+++ Str+7
                  | Dex-4}
   206 | D        | Noticed a troll
   206 | D        | Noticed an acid dragon
   206 | D        | Noticed an acid dragon
   206 | D        | Noticed a yak
   217 | D        | Killed a troll
   218 | D        | Reached skill level 5 in Short Blades
   218 | D        | Reached skill level 5 in Axes
   218 | D        | Reached skill level 5 in Maces & Flails
   218 | D        | Reached skill level 5 in Polearms
   218 | D        | Reached skill level 5 in Staves
   218 | D        | Reached skill level 5 in Ranged Weapons
   218 | D        | Reached skill level 5 in Throwing
   218 | D        | Reached skill level 5 in Dodging
   218 | D        | Reached skill level 5 in Stealth
   218 | D        | Reached skill level 5 in Unarmed Combat
   218 | D        | Reached skill level 5 in Spellcasting
   218 | D        | Reached skill level 5 in Evocations
   218 | D        | Reached XP level 7. HP: 32/63 MP: 13/15
   218 | D        | Reached * piety under Makhleb
   226 | D        | Reached skill level 5 in Conjurations
   226 | D        | Reached skill level 5 in Hexes
   226 | D        | Reached skill level 5 in Summonings
   226 | D        | Reached skill level 5 in Necromancy
   226 | D        | Reached skill level 5 in Translocations
   226 | D        | Reached skill level 5 in Transmutations
   226 | D        | Reached skill level 5 in Fire Magic
   226 | D        | Reached skill level 5 in Ice Magic
   226 | D        | Reached skill level 5 in Air Magic
   226 | D        | Reached skill level 5 in Earth Magic
   226 | D        | Reached skill level 5 in Poison Magic
   228 | D        | Reached XP level 8. HP: 59/71 MP: 14/17
   256 | D        | Killed a yak
   256 | D        | Reached ** piety under Makhleb
   339 | D        | Noticed a cyclops
   339 | D        | Noticed a vampire
   339 | D        | Noticed a manticore
   339 | D        | Noticed a boulder beetle
   339 | D        | Noticed a slime creature
   345 | D        | Killed a cyclops
   351 | D        | Killed a vampire
   353 | D        | Killed a manticore
   354 | D        | Reached skill level 10 in Fighting
   354 | D        | Reached skill level 10 in Armour
   354 | D        | Reached skill level 10 in Shields
   354 | D        | Reached XP level 9. HP: 62/78 MP: 18/20
   368 | D        | Reached *** piety under Makhleb
   624 | D        | Slain by a boulder beetle

Illustrated notes

Levels and vault maps discovered:
D:        linesprint [early_d, line_temple, items_1, d_10, items_2, lair_1,
          lair_end, items_3, orc_1, orc_end, items_4, d_15, swamp_1, shoals_1,
          snake_1, spider_1, d_20, vaults_1, items_5, swamp_end, shoals_end,
          snake_end, spider_end, vaults_end, d_27, items_6, zot_1, zot_end,
          crypt_end, forest_end, elf_end, slime_end, tomb_end, abyss_end,
          pan_hell_end]

Skill      XL: |  1  2  3  4  5  6  7  8  9 |
---------------+----------------------------+-----
Invocations    | 1 3 5 6 8 |  8.4
Short Blades   | 1 3 4 5 6 7 |  7.7
Axes           | 1 3 4 5 6 7 |  7.7
Maces & Flails | 1 3 4 5 6 7 |  7.7
Polearms       | 1 3 4 5 6 7 |  7.7
Staves         | 1 3 4 5 6 7 |  7.7
Ranged Weapons | 1 3 4 5 6 7 |  7.7
Throwing       | 1 3 4 5 6 7 |  7.7
Dodging        | 1 3 4 5 6 7 |  7.7
Stealth        | 1 3 4 5 6 7 |  7.7
Unarmed Combat | 1 3 4 5 6 7 |  7.7
Spellcasting   | 1 3 4 5 6 7 |  7.7
Conjurations   | 1 2 3 4 5 6 |  6.4
Hexes          | 1 2 3 4 5 6 |  6.4
Summonings     | 1 2 3 4 5 6 |  6.4
Necromancy     | 1 2 3 4 5 6 |  6.4
Translocations | 1 2 3 4 5 6 |  6.4
Transmutations | 1 2 3 4 5 6 |  6.4
Fire Magic     | 1 2 3 4 5 6 |  6.4
Ice Magic      | 1 2 3 4 5 6 |  6.4
Air Magic      | 1 2 3 4 5 6 |  6.4
Earth Magic    | 1 2 3 4 5 6 |  6.4
Poison Magic   | 1 2 3 4 5 6 |  6.4
Evocations     | 1 3 4 5 6 7 |  7.7
Fighting       | 7 8 9 10 | 10.1
Long Blades    | 5 6 7 8 9 |  9.0
Armour         | 7 8 9 10 | 10.1
Shields        | 7 8 9 10 | 10.1

Action                   |  1- 3 |  4- 6 |  7- 9 || total
-------------------------+-------+-------+-------++-------
Melee: Long sword        |    27 |    27 |       ||    54
       Bite              |     1 |     1 |    15 ||    17
       Rapier            |       |     8 |    91 ||    99
Evoke: Wand              |       |     2 |     8 ||    10
  Use: Potion            |     1 |     1 |     4 ||     6
Armor: Scale mail        |     9 |    15 |    23 ||    47
Dodge: Dodged            |    12 |    21 |    38 ||    71
Block: Buckler           |     9 |     9 |    17 ||    35

Table legend: (Time is in decaauts)
 A = Elapsed time spent in this place.
 B = Non-inter-level travel time spent in this place.
 C = Inter-level travel time spent in this place.
 D = Time resting spent in this place.
 E = Time spent auto-exploring this place.
 F = Levels seen in this place.
 G = Mean time per level.
                   A        B        C        D        E       F      G
               +--------+--------+--------+--------+--------+-----+--------+
         Total |    625 |    625 |      0 |    329 |      0 |   1 |  625.0 |
       Dungeon |    625 |    625 |      0 |    329 |      0 |   1 |  625.0 |
               +--------+--------+--------+--------+--------+-----+--------+

Top non-repeatable levels by time:
       D: 625 daAuts
